 Dungeon Sprint DCSS version 0.26-a0-665-gefeb406119 (webtiles) character file.

Game seed: 3902675847732316910

1283 rocky1 the Severer (level 8, -8/71 (73) HPs)
             Began as a Minotaur Gladiator on Oct 15, 2020.
             Was a Priest of Cheibriados.
             Mangled by Snorg (11 damage)
             ... in the Dungeon (Sprint III: "The Ten Rune Challenge").
             The game lasted 00:04:53 (1724 turns).

rocky1 the Severer (Minotaur Gladiator)             Turns: 1724, Time: 00:04:54

HP:   -8/71 (73)    AC:  3    Str: 29    XL:     8   Next: 29%
MP:   8/11          EV: 17    Int: 13    God:    Cheibriados [***...]
Gold: 31            SH:  0    Dex: 20    Spells: 7/7 levels left

rFire    . . .     SeeInvis .   a - +0 war axe
rCold    . . .     Faith    .   (no shield)
rNeg     . . .     Spirit   .   b - +0 leather armour
rPois    .         Reflect  .   c - +0 hat
rElec    .         Harm     .   (no cloak)
rCorr    .         Rampage  .   (no gloves)
MR       .....     NoTele   +   (no boots)
Stlth    ++........             (no amulet)
HPRegen  0.21/turn              (no ring)
MPRegen  0.12/turn              (no ring)

@: very slow
A: retaliatory headbutt, horns 2
a: Bend Time, Temporal Distortion, Renounce Religion


You were in the Dungeon.
You worshipped Cheibriados.
Cheibriados was most pleased with you.
You visited 1 branch You collected 31 gold pieces.

Inventory:

Hand Weapons
 a - a +0 war axe (weapon)
 i - a +0 long sword of holy wrath
Missiles
 d - 3 throwing nets (quivered)
Armour
 b - a +0 leather armour (worn)
 c - a +0 hat (worn)
Scrolls
 g - 4 scrolls of torment {unknown}
 j - a scroll of blinking
 k - 2 scrolls of magic mapping {unknown}
 l - 3 scrolls of identify {unknown}
Potions
 e - 4 potions of curing
 h - 2 potions of magic
 m - 3 potions of flight
 n - 5 potions of mutation
Miscellaneous
 f - a condenser vane (2/2)


   Skills:
 + Level 7.4 Fighting
 - Level 16.2 Axes
 - Level 2.0 Throwing
 + Level 6.8 Armour
 + Level 7.2 Dodging
 + Level 5.6 Invocations


You had 7 spell levels left.
You didn't know any spells.
Your spell library contained the following spells:

 Spells                   Type           Power        Failure   Level
 Freeze                   Ice            #...         34%         1
 Frozen Ramparts          Ice            #.....       71%         3
 Ozocubu's Armour         Ice            #.......     71%         3
 Hailstorm                Conj/Ice       #.......     98%         4
 Summon Ice Beast         Ice/Summ       #.......     98%         4


Dungeon Overview and Level Annotations

Branches:
Dungeon (1/1)

Altars:
Cheibriados
Dithmenos
Elyvilon
Fedhas
Gozag
Hepliaklqana
Kikubaaqudgha
Makhleb
Nemelex Xobeh
Okawaru
Qazlal
Ru
Sif Muna
Trog
Uskayaw
Vehumet
Wu Jian
Xom
Yredelemnul
Zin
The Shining One
Beogh
Jiyva
Lugonu

Annotations:
D Snorg


Innate Abilities, Weirdness & Mutations

You reflexively headbutt those who attack you in melee.
You have a pair of horns on your head.


Message History

You hit Snorg.
Snorg is moderately wounded.
Snorg completely misses you. You furiously retaliate!
You headbutt Snorg. Snorg claws you! x2
You are too injured to fight recklessly!
You are too injured to fight recklessly!
Okay, then.
The flow of time bends around you.
Cheibriados rebukes Snorg.
Snorg seems to slow down.
Snorg misses you. You furiously retaliate!
You headbutt Snorg! Snorg closely misses you. Snorg claws you!
* * * LOW HITPOINT WARNING * * *
Unknown command.
You slice Snorg!!
Snorg is heavily wounded.
Snorg closely misses you. You furiously retaliate!
You headbutt Snorg, but do no damage. Snorg claws you!
* * * LOW HITPOINT WARNING * * *
Snorg claws you!
You die...

##.############
#..#___#___#__#
#..#..÷#__.#)_#
#..###'#'###'##
#..#..........#
)..'.⌠........#
...#...######'#
...#.⌠.#__#...#+#####
...#...#__#...#§@§§≈+
...#'###__#...#.#T§§#
...#)).#__#...'.#§§§#
...#___#__'...#.#§§.#
▓▓▓▓▓▓▓▓▓▓▓▓▓▓▓▓▓▓▓▓▓


You could see Snorg (berserk, slow).

Vanquished Creatures
  A deep elf mage (D)
  A shadow (D)
  A spatial vortex (D)
  A necrophage (D)
  A water elemental (D)
  A scorpion (D)
  A jelly (D)
  A wizard (D)
  A necromancer (D)
  3 humans (D)
  A kobold demonologist (D)
  An ooze (D)
  3 rats (D)
17 creatures vanquished.

Notes
Turn   | Place    | Note
-------+----------+-------------------------------------------
     0 | D        | rocky1 the Minotaur Gladiator began the quest for the Orb.
     0 | D        | Reached XP level 1. HP: 18/18 MP: 0/0
     9 | D        | Reached skill level 5 in Axes
    68 | D        | Reached skill level 7 in Axes
    68 | D        | Reached XP level 2. HP: 4/25 MP: 1/1
   346 | D        | Noticed a scorpion
   352 | D        | Killed a scorpion
   352 | D        | Reached skill level 10 in Axes
   352 | D        | Reached XP level 3. HP: 17/30 MP: 2/2
   352 | D        | Reached XP level 4. HP: 21/37 MP: 3/3
   505 | D        | Noticed a water elemental
   509 | D        | Killed a water elemental
   509 | D        | Reached skill level 12 in Axes
   509 | D        | Reached XP level 5. HP: 42/42 MP: 4/4
   798 | D        | Noticed a shadow
   810 | D        | HP: 2/42 [something (9)]
   811 | D        | Killed a shadow
   811 | D        | Reached skill level 15 in Axes
   811 | D        | Reached XP level 6. HP: 2/50 MP: 5/5
  1113 | D        | Found a blossoming altar of Fedhas.
  1113 | D        | Found a stormy altar of Qazlal.
  1113 | D        | Found a snail-covered altar of Cheibriados.
  1113 | D        | Found a burning altar of Makhleb.
  1113 | D        | Found a shimmering altar of Xom.
  1114 | D        | Found a hazy altar of Hepliaklqana.
  1114 | D        | Found an opulent altar of Gozag.
  1114 | D        | Found a sparkling altar of Nemelex Xobeh.
  1114 | D        | Found a corrupted altar of Lugonu.
  1114 | D        | Found a viscous altar of Jiyva.
  1114 | D        | Noticed a spatial vortex
  1119 | D        | Became a worshipper of Cheibriados the Contemplative
  1127 | D        | Killed a spatial vortex
  1127 | D        | Reached skill level 16 in Axes
  1146 | D        | Found a basalt altar of Yredelemnul.
  1146 | D        | Found a shadowy altar of Dithmenos.
  1146 | D        | Found a sacrificial altar of Ru.
  1150 | D        | Reached * piety under Cheibriados
  1150 | D        | Reached skill level 1 in Invocations
  1153 | D        | Reached XP level 7. HP: 48/55 MP: 5/7
  1190 | D        | Found a hide-covered altar of Uskayaw.
  1190 | D        | Found a roughly hewn altar of Beogh.
  1190 | D        | Found an iron altar of Okawaru.
  1190 | D        | Found a bloodstained altar of Trog.
  1190 | D        | Found an ornate altar of the Wu Jian Council.
  1190 | D        | Noticed a human
  1191 | D        | Noticed a human
  1207 | D        | Killed a human
  1207 | D        | Reached skill level 5 in Dodging
  1213 | D        | Killed a human
  1213 | D        | Reached ** piety under Cheibriados
  1213 | D        | Reached skill level 5 in Fighting
  1213 | D        | Reached skill level 5 in Armour
  1440 | D        | Found a radiant altar of Vehumet.
  1440 | D        | Found a shimmering blue altar of Sif Muna.
  1440 | D        | Found an ancient bone altar of Kikubaaqudgha.
  1444 | D        | Reached *** piety under Cheibriados
  1461 | D        | Found a glowing silver altar of Zin.
  1462 | D        | Found a glowing golden altar of the Shining One.
  1462 | D        | Found a white marble altar of Elyvilon.
  1462 | D        | Noticed a deep elf mage
  1465 | D        | Killed a deep elf mage
  1465 | D        | Reached skill level 5 in Invocations
  1465 | D        | Reached XP level 8. HP: 19/71 MP: 9/11
  1719 | D        | Noticed Snorg
  1724 | D        | HP: 3/71 [Snorg (12)]
  1724 | D        | Mangled by Snorg

Illustrated notes

Levels and vault maps discovered:
D:        dungeon_sprint_mu [sprint_mu_entry_cave, sprint_mu_temple_rooms,
          sprint_mu_d1_horrors, sprint_mu_d2_genie, sprint_mu_d3_branching,
          sprint_mu_orc_legion, sprint_mu_elf_gauntlet, sprint_mu_hive_nellie,
          sprint_mu_lair_fedhas, sprint_mu_vaults_butterflies,
          sprint_mu_slime_circle, sprint_mu_shoals_archi,
          sprint_mu_snake_twists, sprint_mu_blade_basic, sprint_mu_crypt_lich,
          sprint_mu_tomb_spiral, sprint_mu_vestibule_basic,
          sprint_mu_gehenna_hellfire, sprint_mu_dis_giant,
          sprint_mu_tartarus_statrot, sprint_mu_cocytus_islands, sprint_mu_zot1]

Skill      XL: |  1  2  3  4  5  6  7 |
---------------+----------------------+-----
Axes           | 7 10 12 15 16 | 16.2
Fighting       | 3 7 |  7.4
Armour         | 2 6 |  6.8
Invocations    | 2 5 |  5.6
Dodging        | 4 7 |  7.2
Throwing       | |  2.0

Action                   |  1- 3 |  4- 6 |  7- 9 || total
-------------------------+-------+-------+-------++-------
Melee: War axe           |    22 |    29 |    22 ||    73
       Headbutt          |     8 |     6 |     3 ||    17
Invok: Bend Time         |       |       |     1 ||     1
  Use: Potion            |     1 |     2 |       ||     3
Armor: Leather armour    |     4 |     1 |     2 ||     7
Dodge: Dodged            |     4 |     5 |    18 ||    27

Table legend: (Time is in decaauts)
 A = Elapsed time spent in this place.
 B = Non-inter-level travel time spent in this place.
 C = Inter-level travel time spent in this place.
 D = Time resting spent in this place.
 E = Time spent auto-exploring this place.
 F = Levels seen in this place.
 G = Mean time per level.
                   A        B        C        D        E       F      G
               +--------+--------+--------+--------+--------+-----+--------+
         Total |   1755 |   1755 |      0 |   1433 |      0 |   1 | 1755.0 |
       Dungeon |   1755 |   1755 |      0 |   1433 |      0 |   1 | 1755.0 |
               +--------+--------+--------+--------+--------+-----+--------+

Top non-repeatable levels by time:
       D: 1755 daAuts
